AoeStats
← Darknoob

Arena

506403741Analyzed
1v1 RM · 20d ago on Sep 13, 2026· 161m 26s· 2 players
Game mode
Random Map
Map size
Tiny (2 player)
Population
200
Speed
Normal
Resources
Standard
Victory
Conquest
Starting age
Dark Age
Ending age
Imperial Age
RankedLock teamsTeams togetherTeam positionsShared explorationLock speedFull tech treeHidden civsTurbo modeCheats
Victory
Defeat
🇳🇱 Hindustanis · Netherlands
2213
+11
🇦🇷 Hindustanis · Argentina
2104
-11
the best BO's
10:25 Feudal Age
13:56 Castle Age
11:51 Horse Collar
12:00 Double-Bit Axe
15:14 Light Cavalry
16:44 Husbandry
19:57 Horse Collar
22:53 Forging
24:58 Wheelbarrow
25:41 Bow Saw
26:07 Town Watch
26:08 Loom
26:37 Heavy Plow
28:21 Hand Cart
28:18 Gold Mining
30:12 Fortified Wall
32:32 Imperial Age
32:58 Imperial Age
30:46 Bloodlines
32:06 Scale Barding Armor
32:25 Masonry
33:22 Chain Barding Armor
33:38 Iron Casting
33:04 Heavy Camel Rider
34:45 Plate Barding Armor
35:17 Chemistry
34:10 Hussar
36:27 Blast Furnace
41:09 Imperial Camel Rider
42:50 Siege Elephant
50:23 Siege Engineers
50:39 Ballistics
50:10 Fletching
56:16 Guard Tower
59:10 Bodkin Arrow
61:37 Bracer
66:37 Two-Man Saw
75:23 Shatagni
75:44 Conscription
92:27 Padded Archer Armor
Darknoob
11:05 Feudal Age
12:10 Horse Collar
12:23 Double-Bit Axe
14:59 Castle Age
15:48 Husbandry
20:20 Bow Saw
20:21 Light Cavalry
23:44 Wheelbarrow
24:56 Hand Cart
25:24 Heavy Plow
28:21 Imperial Age
26:01 Padded Archer Armor
26:25 Bloodlines
27:58 Fletching
28:24 Leather Archer Armor
28:52 Gold Mining
29:23 Ballistics
30:03 Chemistry
28:56 Fletching
29:37 Ring Archer Armor
30:00 Stone Mining
30:46 Gold Shaft Mining
30:53 Scale Barding Armor
30:58 Forging
31:04 Loom
31:37 Siege Engineers
33:05 Conscription
33:12 Chain Barding Armor
33:27 Iron Casting
33:13 Grand Trunk Road
34:51 Plate Barding Armor
33:37 Hussar
34:09 Siege Elephant
35:58 Shatagni
41:02 Blast Furnace
42:15 Fletching
42:46 Ballistics
43:36 Bodkin Arrow
43:52 Masonry
45:09 Two-Man Saw
47:37 Bracer
52:29 Hoardings
71:45 Fortified Wall
87:35 Town Watch
100:43 Onager
123:58 Town Patrol
Connection lost

Rejoining the realm…

Still unreachable

The connection could not be restored.

Session expired

The server has moved on; the page needs a fresh start.